 Dungeon Crawl Stone Soup version 0.29.0-15-g675c0067aa (webtiles) character file.

Game seed: 4411937181869122184

188696 qw the Warrior (level 17, -3/170 HPs)
             Began as a Minotaur Berserker on Sept 12, 2022.
             Was an Elder of Trog.
             Killed from afar by a naga warrior (7 damage)
             ... with a splash of poison
             ... on level 4 of the Snake Pit.
             The game lasted 00:14:23 (37570 turns).

qw the Warrior (Minotaur Berserker)                Turns: 37570, Time: 00:14:24

Health: -3/170     AC: 36    Str: 30    XL:     17   Next: 92%
Magic:  16/16      EV:  8    Int:  4    God:    Trog [****..]
Gold:   1248       SH: 18    Dex: 10    Spells: 16/16 levels left

rFire   + . .      SeeInvis +   o - +2 broad axe "Eleof" {flame, Fly rN+}
rCold   . . .      Faith    .   t - +0 kite shield of Repulsion {Rampage rN+ Str+2 Dex-2}
rNeg    + + .      Spirit   .   l - +1 plate armour {rF+}
rPois   .          Reflect  +   k - +2 hat
rElec   .          Harm     .   C - +1 cloak {rPois}
rCorr   .          Rampage  +   e - +2 pair of gloves
Will    +....                   A - +2 pair of boots {Fly}
Stlth   ..........              g - amulet of reflection
HPRegen 0.38/turn               j - +4 ring of protection
MPRegen 0.15/turn               x - ring of see invisible

@: lethally poisoned (-3 -> -43), about to teleport, poison vulnerable, on
berserk cooldown, flying, slowed, constricted, very slow
A: horns 2, retaliatory headbutt
a: Renounce Religion, Berserk, Trog's Hand, Brothers in Arms


You were on level 4 of the Snake Pit.
You worshipped Trog.
Trog was greatly pleased with you.
You visited 5 branches of the dungeon, and saw 29 of its levels.
You visited the Abyss 1 time.
You also visited: Sewer.

You collected 4086 gold pieces.
You spent 2838 gold pieces at shops.


Innate Abilities, Weirdness & Mutations

You have a pair of horns on your head.
You reflexively headbutt those who attack you in melee.


   Skills:
 - Level 20.0 Fighting
 - Level 18.0 Axes
 + Level 9.6 Throwing
 - Level 19.0 Armour
 - Level 9.0 Dodging
 - Level 17.4 Shields


You had 16 spell levels left.
You didn't know any spells.
Your spell library was empty.

Inventory:

Hand Weapons
 o - the +2 broad axe "Eleof" (weapon) {flame, Fly rN+}
   (Trog gifted it to you on level 11 of the Dungeon)

   It burns those it strikes, dealing additional fire damage.
   Big, fiery blades are also staple armaments of hydra-hunters.
   rN:        It protects you from negative energy.
   Fly:       It grants you flight.
 B - a +5 vorpal broad axe
Missiles
 v - 19 boomerangs
 w - 15 javelins (quivered)
Armour
 e - a +2 pair of gloves (worn)
 k - a +2 hat (worn)
 l - a +1 plate armour of fire resistance (worn)
 n - +0 storm dragon scales
 r - a +2 cloak
 t - the +0 kite shield of Repulsion (worn) {Rampage rN+ Str+2 Dex-2}
   (You took it off Donald on level 2 of the Orcish Mines)

   Str:       It affects your strength (+2).
   Dex:       It affects your dexterity (-2).
   rN:        It protects you from negative energy.
   Rampage:   It bestows one free step when moving towards enemies.
 A - a +2 pair of boots of flying (worn)
 C - a +1 cloak of poison resistance (worn)
Jewellery
 g - an amulet of reflection (around neck)
 j - a +4 ring of protection (left hand)
 s - a +4 ring of protection
 x - a ring of see invisible (right hand)
Scrolls
 a - 13 scrolls of teleportation
 b - 6 scrolls of enchant weapon
 d - 9 scrolls of identify
 u - a scroll of brand weapon
Potions
 c - 7 potions of haste
 f - 10 potions of heal wounds
 h - 6 potions of mutation
 i - 14 potions of curing
 p - 2 potions of cancellation
 q - 4 potions of might
 z - 3 potions of resistance

Dungeon Overview and Level Annotations

Branches:
Dungeon (15/15)            Temple (0/1) D:4            Lair (5/5) D:11
 Shoals (3/4) Lair:2        Snake (4/4) Lair:2        Slime (0/5) Lair:5
    Orc (2/2) D:11            Elf (0/3) Orc:2        Vaults (0/5) D:13
 Depths (0/4) D:15          Sewer (visited)

Altars:
Ashenzari
Cheibriados
Dithmenos
Fedhas
Gozag
Hepliaklqana
Ru
Sif Muna
Trog
Uskayaw
Vehumet
Wu Jian
Xom
Yredelemnul
Zin
Jiyva

Shops:
D:2 (   D:5 (   D:6 [   Orc:1 *   Orc:2 ?**[?   Shoals:3 !*

Annotations:
D:2 1 runed translucent door, Crazy Yiuf
D:3 2 transporters
D:7 2 transporters, qw's ghost, novice GrFi
D:9 1 runed translucent door, qw's ghost, novice GrDe
Snake:1 2 runed translucent doors, qw's ghost, adept MiBe


Message History

You feel sick.
You hear a shout!
You are more poisoned.
The naga mage casts a spell at the naga.
The naga seems to grow toxic.
You hit the naga warrior. You burn the naga warrior.
The naga warrior is severely wounded.
You slice the naga ritualist!! You burn the naga ritualist!
You feel very sick.
You are more poisoned.
The naga ritualist's toxic aura wanes.
The naga ritualist mumbles some strange prayers to its god.
The naga ritualist begins to radiate toxic energy.
You are more poisoned.
The naga mage gestures at the naga warrior while chanting.
The naga warrior seems to grow toxic.
You block the naga warrior's attack. The naga warrior grabs you.
The naga warrior constricts you.
You closely miss the naga warrior.
The naga warrior is severely wounded.
You hit the naga ritualist. You burn the naga ritualist.
You feel very sick.
You are more poisoned. x2
The naga ritualist spits poison at you. The splash of poison hits you!
You are more poisoned.
The naga warrior spits poison at you.
The splash of poison hits you but does no damage.
You are more poisoned.
The naga warrior constricts you. You block the naga ritualist's attack.
37570 ||| READING 14 scrolls of teleportation.
As you read the scroll of teleportation, it crumbles to dust.
You feel strangely unstable.
You feel extremely sick.
You are more poisoned.
A nagaraja comes into view. It is wielding a +0 flail.
You block the naga warrior's attack. The naga warrior constricts you.
The naga warrior spits poison at you. The splash of poison hits you!
You are more poisoned.
You have difficulty breathing.
You feel as though you will be slow longer.
You die...

...............#........
...............).)......
......######...)))#####.
####### #...)..#
#......# #..#...#
#....).# ###....N.#####.
......N@...N..N
......N...#....
......#NNN# ...
.....#.N.... .# ###..
.N.#### # #......# #.
....# ..#..#


You could see a nagaraja, 3 naga warriors, a naga ritualist (strong, toxic aura,
catching breath), 2 naga magi and 3 nagas.

Vanquished Creatures
  Vashnia (Snake:4)
  A bone dragon (Abyss:3)
  2 krakens
  A tentacled starspawn (Abyss:3)
  2 nagarajas (Snake:4)
  Ilsuiw (Shoals:2)
  Nessos (D:13)
  A dire elephant (Lair:5)
  6 merfolk javelineers
  Josephine (Orc:2)
  An ettin (Orc:2)
  3 fire dragons
  3 merfolk impalers
  Harold (D:10)
  A rakshasa (D:14)
  A salamander tyrant (Snake:4)
  2 boulder beetles
  5 hydras
  Erica (D:11)
  2 merfolk aquamancers
  6 naga warriors
  A merfolk avatar (Shoals:2)
  A satyr (Shoals:3)
  4 anacondas
  An alligator snapping turtle (Shoals:2)
  7 two-headed ogres
  4 centaur warriors
  17 death yaks
  A tengu warrior (D:13)
  An alligator (Lair:5)
  6 naga sharpshooters
  Urug (D:13)
  2 thrashing horrors (Abyss:3)
  3 shock serpents
  3 orc high priests (Orc:2)
  5 skeletal warriors (D:15)
  11 sea snakes
  2 wretched stars (Abyss:3)
  A glowing orange brain (Abyss:3)
  2 salamander mystics (Snake:4)
  2 large abominations (Abyss:3)
  2 naga ritualists (Snake:1)
  8 harpies
  A lindwurm (Lair:3)
  A swamp dragon (Lair:5)
  A wizard (D:14)
  3 mana vipers
  5 orc knights (Orc:2)
  8 cyclopes
  9 ugly things (D:15)
  A wolf spider (D:15)
  3 deep elf pyromancers
  3 orc sorcerers (Orc:2)
  14 salamanders
  10 fauns
  10 manticores
  8 merfolk sirens
  A black mamba (shapeshifter) (D:15)
  An elephant (Lair:5)
  22 black mambas
  15 naga magi
  3 torpor snails
  5 water nymphs
  Maurice (D:10)
  A gargoyle (D:13)
  Maggie (D:8)
  2 unseen horrors (D:10)
  An orange demon (Abyss:3)
  9 cane toads
  Psyche (D:8)
  A smoke demon (Abyss:3)
  12 komodo dragons
  A centaur skeleton (Abyss:3)
  4 kobold demonologists
  3 efreet
  5 rime drakes
  A hellwing (Abyss:3)
  An anaconda simulacrum (Abyss:3)
  2 ancient zymes (Abyss:3)
  24 merfolk
  6 wind drakes
  5 trolls
  Grinder (D:4)
  3 hornets (Lair:5)
  5 blink frogs (Lair:2)
  8 polar bears (Lair:5)
  A raiju (Lair:5)
  20 dream sheep
  13 slime creatures
  12 snapping turtles
  A vampire (D:13)
  2 shadows (D:11)
  11 water elementals
  6 wyverns
  7 wraiths
  16 humans (D:13)
  57 yaks
  8 basilisks
  A neqoxec (Abyss:3)
  8 vampire mosquitoes
  2 steam dragons (Lair:5)
  5 wargs (Lair:5)
  30 nagas
  12 hell hounds (Lair:5)
  18 water moccasins
  Duvessa (D:5)
  3 acid dragons
  5 swamp drakes (Lair:5)
  2 ice beasts (D:8)
  14 orc warriors
  18 black bears
  4 boggarts (D:15)
  23 wolves
  10 centaurs
  6 ogres
  6 small abominations (Abyss:3)
  2 phantoms
  13 kobold brigands
  17 bullfrogs
  2 gnoll sergeants
  3 necrophages
  4 scorpions
  13 wights
  4 troll zombies (D:11)
  Dowan (D:5)
  9 killer bees
  6 electric eels
  8 howler monkeys
  4 jellies
  9 orc priests
  2 hounds
  An iron imp (Abyss:3)
  A hell rat (Lair:5)
  6 iguanas
  Ijyb (D:4)
  Natasha (twice) (D:4)
  17 orc wizards
  3 ogre zombies (D:11)
  17 adders
  3 river rats (Sewer)
  17 gnolls
  A white imp (D:6)
  5 worms
  3 dart slugs
  54 orcs
  5 bats
  An endoplasm (Sewer)
  4 giant cockroaches
  5 hobgoblins
  2 jackals (D:1)
  2 quokkas
  11 ball pythons
  2 frilled lizards (D:2)
  9 goblins
  A goblin skeleton (D:11)
  3 goblin zombies (D:11)
  3 hobgoblin zombies (D:11)
  16 kobolds
  3 orc skeletons (D:11)
  11 orc zombies (D:11)
  13 rats
  A spectral orc (D:6)
  A lurking horror (Abyss:3)
  7 tentacles
1000 creatures vanquished.

Vanquished Creatures (collateral kills)
  Jorgrun (Snake:1)
  Donald (Orc:2)
  5 death yaks
  A cyclops (D:11)
  A water nymph (Shoals:3)
  A merfolk siren (Shoals:3)
  A black mamba (Snake:1)
  A cane toad (Lair:5)
  2 polar bears (Lair:5)
  A warg (Lair:5)
  A naga (Snake:1)
  2 hell hounds (Lair:5)
  An orc warrior (Orc:2)
  A boggart (D:15)
  2 electric eels (Lair:3)
  An orc priest (Orc:2)
  An ogre zombie (D:11)
  A goblin skeleton (D:11)
  A goblin zombie (D:11)
  A hobgoblin zombie (D:11)
  An orc zombie (D:11)
28 creatures vanquished.

Vanquished Creatures (others)
  A naga (Snake:4)
  An orc (Orc:2)
  A bush (Lair:4)
  53 fungi
  147 plants
  2 starspawn tentacles (Abyss:3)
  10 tentacles
  2 withered plants (D:9)
217 creatures vanquished.

Grand Total: 1245 creatures vanquished

Notes
Turn   | Place    | Note
-------+----------+-------------------------------------------
     0 | D:1      | qw the Minotaur Berserker began the quest for the Orb.
     0 | D:1      | Reached XP level 1. HP: 19/19 MP: 0/0
     0 | D:1      | 0 ||| qw: Version: 0.1-a-119-g272c26d
     0 | D:1      | 0 ||| qw: Game counter: 10805
     0 | D:1      | 0 ||| qw: Always use a shield: true
     0 | D:1      | 0 ||| qw: Do Orc after D:15 true
     0 | D:1      | 0 ||| qw: Do second Lair branch before Depths: true
     0 | D:1      | 0 ||| qw: Lair rune preference: random
     0 | D:1      | 0 ||| qw: Plans: Normal
     0 | D:1      | 0 ||| PLANNING D:1-11
    75 | D:1      | 75 ||| Stepping ~*~*~tactically~*~*~ (stealth).
    76 | D:1      | 76 ||| Stepping ~*~*~tactically~*~*~ (stealth).
    93 | D:1      | Reached XP level 2. HP: 18/26 MP: 1/1
   447 | D:1      | 447 ||| Stepping ~*~*~tactically~*~*~ (hiding).
   448 | D:1      | 448 ||| Stepping ~*~*~tactically~*~*~ (hiding).
   449 | D:1      | 449 ||| Stepping ~*~*~tactically~*~*~ (hiding).
   841 | D:1      | 841 ||| READING scroll labelled LYNIASTRAYCS.
   863 | D:2      | 863 ||| Stepping ~*~*~tactically~*~*~ (stealth).
   864 | D:2      | 864 ||| Stepping ~*~*~tactically~*~*~ (stealth).
   866 | D:2      | 866 ||| Stepping ~*~*~tactically~*~*~ (stealth).
   879 | D:2      | 879 ||| FLEEEEING.
   880 | D:2      | 880 ||| FLEEEEING.
   881 | D:2      | 881 ||| STAIRDANCE
   965 | D:2      | Reached XP level 3. HP: 28/31 MP: 2/2
   988 | D:2      | 988 ||| Stepping ~*~*~tactically~*~*~ (stealth).
   989 | D:2      | 989 ||| Stepping ~*~*~tactically~*~*~ (stealth).
  1090 | D:2      | 1090 ||| INVOKING Berserk.
  1093 | D:2      | Reached ** piety under Trog
  1098 | D:2      | HP: 7/31 [poisoned by an adder]
  1360 | D:2      | 1360 ||| INVOKING Berserk.
  1449 | D:2      | 1449 ||| Stepping ~*~*~tactically~*~*~ (stealth).
  1474 | D:2      | 1474 ||| Stepping ~*~*~tactically~*~*~ (stealth).
  1482 | D:2      | Reached XP level 4. HP: 33/39 MP: 3/3
  1483 | D:2      | Reached skill level 6 in Axes
  1483 | D:2      | 1483 ||| FLEEEEING.
  1759 | D:2      | 1759 ||| Stepping ~*~*~tactically~*~*~ (stealth).
  1772 | D:2      | 1772 ||| Stepping ~*~*~tactically~*~*~ (stealth).
  1773 | D:2      | 1773 ||| Stepping ~*~*~tactically~*~*~ (stealth).
  1874 | D:2      | 1874 ||| Stepping ~*~*~tactically~*~*~ (hiding).
  1997 | D:2      | Found Fyuras's Antique Weapon Boutique.
  2001 | D:2      | 2001 ||| SHOPLISTING runed hand axe (180 gold, have 49).
  2180 | D:2      | Found a runed translucent door.
  2181 | D:2      | Noticed Crazy Yiuf
  2277 | D:2      | 2277 ||| UPGRADING to +1 pair of gloves.
  2282 | D:2      | 2282 ||| UPGRADING to +0 ring mail.
  2292 | D:2      | 2292 ||| DROPPING +0 animal skin.
  2293 | D:2      | 2293 ||| UPGRADING to +0 scale mail.
  2303 | D:2      | 2303 ||| DROPPING +0 ring mail.
  2304 | D:2      | 2304 ||| READING 3 scrolls labelled KAKEODGH DYLUJ.
  2305 | D:2      | 2305 ||| READING scroll labelled JEUTYA SILUPS.
  2306 | D:2      | 2306 ||| READING scroll labelled YNLAMPAPTO.
  2307 | D:2      | 2307 ||| DRINKING 2 metallic red potions.
  2308 | D:2      | 2308 ||| READING 2 scrolls of identify.
  2308 | D:2      | 2308 ||| IDENTIFYING orange potion
  2309 | D:2      | 2309 ||| DROPPING potion of flight.
  2386 | D:3      | 2386 ||| PLANNING SEWER
  2401 | D:3      | 2401 ||| Stepping ~*~*~tactically~*~*~ (stealth).
  2402 | D:3      | 2402 ||| Stepping ~*~*~tactically~*~*~ (stealth).
  2403 | D:3      | 2403 ||| Stepping ~*~*~tactically~*~*~ (stealth).
  2404 | D:3      | 2404 ||| Stepping ~*~*~tactically~*~*~ (stealth).
  2413 | D:3      | 2413 ||| FLEEEEING.
  2414 | D:3      | 2414 ||| FLEEEEING.
  2415 | D:3      | 2415 ||| FLEEEEING.
  2416 | D:3      | 2416 ||| FLEEEEING.
  2417 | D:3      | 2417 ||| FLEEEEING.
  2418 | D:3      | 2418 ||| FLEEEEING.
  2419 | D:3      | 2419 ||| FLEEEEING.
  2420 | D:3      | 2420 ||| FLEEEEING.
  2577 | D:3      | 2577 ||| DROPPING +0 whip.
  2715 | D:3      | Found a sacrificial altar of Ru.
  2727 | D:3      | Found a bloodstained altar of Trog.
  2728 | D:3      | Found a snail-covered altar of Cheibriados.
  2728 | D:3      | Found an opulent altar of Gozag.
  2729 | D:3      | Found a blossoming altar of Fedhas.
  2729 | D:3      | Found a radiant altar of Vehumet.
  2730 | D:3      | Found a glowing silver altar of Zin.
  2731 | D:3      | Found an ornate altar of the Wu Jian Council.
  2731 | D:3      | Found a shadowy altar of Dithmenos.
  2732 | D:3      | Found a basalt altar of Yredelemnul.
  2770 | D:3      | Found a faded altar of an unknown god.
  2963 | D:3      | Reached XP level 5. HP: 37/45 MP: 4/4
  3017 | D:3      | Found a transporter.
  3033 | D:3      | Found a transporter.
  3094 | D:3      | Found a glowing drain.
  3095 | D:3      | 3095 ||| READING scroll labelled WOBRUGH ZOOPT.
  3096 | D:3      | 3096 ||| READING scroll labelled BENLYCA EFOTU.
  3097 | D:3      | 3097 ||| READING scroll labelled MER UNAGOYFUOL.
  3098 | D:3      | 3098 ||| READING 3 scrolls of identify.
  3098 | D:3      | 3098 ||| IDENTIFYING bubbling sapphire potion
  3099 | D:3      | 3099 ||| READING 2 scrolls of identify.
  3099 | D:3      | 3099 ||| IDENTIFYING viscous white potion
  3100 | D:3      | 3100 ||| DROPPING potion of ambrosia.
  3101 | D:3      | 3101 ||| DROPPING potion of attraction.
  3110 | Sewer    | Entered a sewer
  3224 | Sewer    | Reached skill level 4 in Fighting
  3353 | Sewer    | Reached XP level 6. HP: 32/55 MP: 5/5
  3669 | Sewer    | Reached skill level 9 in Axes
  3669 | Sewer    | Reached XP level 7. HP: 45/60 MP: 6/6
  3679 | Sewer    | Reached skill level 5 in Fighting
  4181 | Sewer    | Reached *** piety under Trog
  4252 | Sewer    | 4252 ||| READING scroll labelled ZYAD FAXUARU.
  4274 | D:3      | 4274 ||| PLANNING D:1-11
  4329 | D:4      | Noticed Grinder
  4330 | D:4      | 4330 ||| Stepping ~*~*~tactically~*~*~ (hiding).
  4333 | D:4      | 4333 ||| INVOKING Trog's Hand.
  4334 | D:4      | 4334 ||| INVOKING Berserk.
  4335 | D:4      | 4335 ||| INVOKING Berserk.
  4340 | D:4      | Killed Grinder
  4497 | D:4      | 4497 ||| Stepping ~*~*~tactically~*~*~ (stealth).
  4503 | D:4      | Reached XP level 8. HP: 70/70 MP: 7/7
  4529 | D:4      | 4529 ||| INVOKING Berserk.
  4733 | D:4      | Reached skill level 6 in Fighting
  4765 | D:4      | Noticed Ijyb
  4768 | D:4      | 4768 ||| INVOKING Berserk.
  4770 | D:4      | Killed Ijyb
  4964 | D:4      | You fall into a shaft and drop 2 floors!
  4965 | D:6      | 4965 ||| SWAPPING to +0 war axe.
  4966 | D:6      | 4966 ||| DROPPING +1 hand axe.
  4968 | D:6      | 4968 ||| UPGRADING to +0 chain mail.
  4978 | D:6      | 4978 ||| DROPPING +0 scale mail.
  4979 | D:6      | 4979 ||| READING scroll labelled ZITAUT BYTAVEO.
  4982 | D:6      | 4982 ||| DRINKING 2 clear potions.
  4987 | D:5      | Entered Level 5 of the Dungeon
  5067 | D:5      | Reached skill level 3 in Armour
  5113 | D:4      | Found a staircase to the Ecumenical Temple.
  5311 | D:4      | 5311 ||| INVOKING Berserk.
  5435 | D:4      | 5435 ||| INVOKING Berserk.
  5584 | D:4      | Noticed Natasha
  5587 | D:4      | Killed Natasha
  5634 | D:4      | Noticed Natasha
  5635 | D:4      | 5635 ||| Stepping ~*~*~tactically~*~*~ (hiding).
  5636 | D:4      | 5636 ||| Stepping ~*~*~tactically~*~*~ (hiding).
  5642 | D:4      | Killed Natasha
  5693 | D:4      | 5693 ||| READING 2 scrolls of identify.
  5693 | D:4      | 5693 ||| IDENTIFYING grey potion
  5755 | D:5      | Noticed Duvessa
  5756 | D:5      | 5756 ||| FLEEEEING.
  5770 | D:5      | 5770 ||| FLEEEEING.
  5770 | D:5      | Noticed Dowan
  5772 | D:5      | 5772 ||| INVOKING Berserk.
  5775 | D:5      | Killed Duvessa
  5780 | D:5      | Killed Dowan
  5793 | D:5      | Reached skill level 12 in Axes
  5801 | D:5      | HP: 13/71 [yak (5)]
  5802 | D:5      | 5802 ||| READING 2 scrolls of teleportation.
  5802 | D:5      | HP: 6/71 [yak (7)]
  5803 | D:5      | 5803 ||| DRINKING 4 potions of heal wounds.
  6051 | D:5      | Reached skill level 7 in Fighting
  6056 | D:5      | Reached XP level 9. HP: 57/79 MP: 8/8
  6070 | D:5      | 6070 ||| INVOKING Berserk.
  6508 | D:5      | Found Ciwien Beath's Antique Weapon Shoppe.
  6626 | D:5      | 6626 ||| INVOKING Berserk.
  6929 | D:5      | 6929 ||| UPGRADING to +2 hat.
  6934 | D:5      | 6934 ||| READING 2 scrolls labelled SIRAJ ABLOX.
  6935 | D:5      | 6935 ||| DRINKING 2 glowing pink potions.
  6981 | D:5      | 6981 ||| READING 4 scrolls of identify.
  6981 | D:5      | 6981 ||| IDENTIFYING puce potion
  6982 | D:5      | 6982 ||| READING 3 scrolls of identify.
  6982 | D:5      | 6982 ||| IDENTIFYING bubbling coppery potion
  6983 | D:5      | 6983 ||| READING 2 scrolls of identify.
  6983 | D:5      | 6983 ||| IDENTIFYING glowing amethyst potion
  6984 | D:5      | 6984 ||| DROPPING potion of magic.
  6985 | D:5      | 6985 ||| DROPPING potion of brilliance.
  6986 | D:5      | 6986 ||| DROPPING potion of lignification.
  6987 | D:5      | 6987 ||| DROPPING potion of degeneration.
  6988 | D:5      | 6988 ||| DROPPING scroll of vulnerability.
  7032 | D:6      | 7032 ||| INVOKING Berserk.
  7035 | D:6      | Reached skill level 8 in Fighting
  7055 | D:6      | 7055 ||| STAIRDANCE
  7174 | D:6      | 7174 ||| INVOKING Berserk.
  7241 | D:6      | Reached skill level 3 in Dodging
  7271 | D:6      | 7271 ||| INVOKING Berserk.
  7284 | D:6      | Found Wameuch's Armour Shop.
  7301 | D:6      | 7301 ||| Stepping ~*~*~tactically~*~*~ (stealth).
  7302 | D:6      | 7302 ||| Stepping ~*~*~tactically~*~*~ (stealth).
  7356 | D:6      | 7356 ||| BUYING +0 plate armour (253 gold).
  7356 | D:6      | Bought a +0 plate armour for 253 gold pieces
  7356 | D:6      | 7356 ||| SHOPLISTING +3 chain mail of poison resistance
                  | (258 gold, have 3).
  7356 | D:6      | 7356 ||| SHOPLISTING scarf of resistance (352 gold, have
                  | 3).
  7680 | D:6      | Found a hazy altar of Hepliaklqana.
  7775 | D:6      | 7775 ||| UPGRADING to +0 plate armour.
  7785 | D:6      | 7785 ||| DROPPING +0 chain mail.
  7786 | D:6      | 7786 ||| READING scroll labelled ZIYZXI GAFU.
  7786 | D:6      | Identified a scroll of acquirement
  7786 | D:6      | 7786 ||| ACQUIRING +4 ring of protection
  7786 | D:6      | Acquired a +4 ring of protection
  7788 | D:6      | 7788 ||| UPGRADING to +4 ring of protection.
  7789 | D:6      | 7789 ||| READING scroll labelled RAEROS ZIOSSAG.
  7790 | D:6      | 7790 ||| READING 2 scrolls of identify.
  7790 | D:6      | 7790 ||| IDENTIFYING bubbling emerald potion
  7806 | D:7      | 7806 ||| STAIRDANCE
  7861 | D:7      | Reached skill level 6 in Armour
  7866 | D:7      | 7866 ||| STAIRDANCE
  7874 | D:7      | 7874 ||| STAIRDANCE
  8009 | D:7      | 8009 ||| STAIRDANCE
  8016 | D:6      | Reached XP level 10. HP: 85/88 MP: 9/9
  8028 | D:7      | 8028 ||| STAIRDANCE
  8091 | D:7      | 8091 ||| STAIRDANCE
  8166 | D:7      | 8166 ||| STAIRDANCE
  8176 | D:7      | 8176 ||| INVOKING Berserk.
  8192 | D:7      | Reached **** piety under Trog
  8202 | D:7      | 8202 ||| FLEEEEING.
  8206 | D:7      | 8206 ||| FLEEEEING.
  8207 | D:7      | 8207 ||| FLEEEEING.
  8208 | D:7      | 8208 ||| STAIRDANCE
  8327 | D:7      | Reached skill level 15 in Axes
  8441 | D:7      | Identified the +9 rapier "Sessy" {venom, Will+ rCorr}
  8459 | D:7      | Found a transporter.
  8464 | D:7      | Found a transporter.
  8499 | D:7      | Noticed qw's ghost (novice GrFi)
  8545 | D:7      | 8545 ||| Stepping ~*~*~tactically~*~*~ (stealth).
  8669 | D:7      | 8669 ||| UPGRADING to +0 pair of boots.
  8674 | D:7      | 8674 ||| READING scroll labelled GAIHEC OVUOL.
  8675 | D:7      | 8675 ||| READING 2 scrolls of identify.
  8675 | D:7      | 8675 ||| IDENTIFYING brown potion
  8676 | D:7      | 8676 ||| DROPPING potion of invisibility.
  8720 | D:8      | 8720 ||| FLEEEEING.
  8721 | D:8      | 8721 ||| FLEEEEING.
  8722 | D:8      | 8722 ||| FLEEEEING.
  8723 | D:8      | 8723 ||| FLEEEEING.
  8724 | D:8      | 8724 ||| FLEEEEING.
  8725 | D:8      | 8725 ||| STAIRDANCE
  8839 | D:8      | 8839 ||| DRINKING 4 potions of curing.
  8839 | D:8      | 8839 ||| (to cure confusion)
  8864 | D:8      | Noticed Maggie
  8866 | D:8      | 8866 ||| Stepping ~*~*~tactically~*~*~ (hiding).
  8867 | D:8      | 8867 ||| Stepping ~*~*~tactically~*~*~ (hiding).
  8869 | D:8      | 8869 ||| Stepping ~*~*~tactically~*~*~ (hiding).
  8870 | D:8      | 8870 ||| Stepping ~*~*~tactically~*~*~ (hiding).
  8884 | D:8      | Killed Maggie
  8885 | D:8      | Reached skill level 9 in Fighting
  8966 | D:8      | Found a hide-covered altar of Uskayaw.
  8981 | D:8      | 8981 ||| Stepping ~*~*~tactically~*~*~ (stealth).
  8984 | D:8      | 8984 ||| FLEEEEING.
  8985 | D:8      | 8985 ||| FLEEEEING.
  8986 | D:8      | 8986 ||| FLEEEEING.
  8987 | D:8      | 8987 ||| FLEEEEING.
  8988 | D:8      | 8988 ||| FLEEEEING.
  8989 | D:8      | 8989 ||| FLEEEEING.
  8990 | D:8      | 8990 ||| FLEEEEING.
  8991 | D:8      | 8991 ||| FLEEEEING.
  8992 | D:8      | 8992 ||| FLEEEEING.
  8993 | D:8      | 8993 ||| FLEEEEING.
  9001 | D:8      | 9001 ||| STAIRDANCE
  9369 | D:8      | Found a flagged portal.
  9507 | D:8      | Noticed a two-headed ogre
  9512 | D:8      | 9512 ||| INVOKING Berserk.
  9514 | D:8      | Killed a two-headed ogre
  9515 | D:8      | Reached skill level 9 in Armour
  9599 | D:8      | 9599 ||| INVOKING Berserk.
  9620 | D:8      | 9620 ||| Stepping ~*~*~tactically~*~*~ (stealth).
  9673 | D:8      | 9673 ||| Stepping ~*~*~tactically~*~*~ (stealth).
  9885 | D:8      | Noticed Psyche
  9889 | D:8      | 9889 ||| INVOKING Berserk.
  9891 | D:8      | Killed Psyche
 10131 | D:8      | 10131 ||| DROPPING +0 flail.
 10352 | D:8      | 10352 ||| READING scroll labelled GIK EGIAXTIER.
 10565 | D:9      | 10565 ||| Stepping ~*~*~tactically~*~*~ (stealth).
 10568 | D:9      | 10568 ||| Stepping ~*~*~tactically~*~*~ (hiding).
 10637 | D:9      | Reached ***** piety under Trog
 10638 | D:9      | Reached skill level 1 in Throwing
 10664 | D:9      | 10664 ||| Stepping ~*~*~tactically~*~*~ (stealth).
 10687 | D:9      | Reached XP level 11. HP: 50/97 MP: 10/10
 10688 | D:9      | 10688 ||| INVOKING Berserk.
 10969 | D:9      | 10969 ||| SWAPPING to +1 war axe of electrocution.
 10970 | D:9      | 10970 ||| DROPPING +0 war axe.
 11000 | D:9      | 11000 ||| READING scroll of enchant armour.
 11000 | D:9      | 11000 ||| ENCHANTING +1 pair of gloves.
 11090 | D:9      | Found a runed translucent door.
 11090 | D:9      | Noticed qw's ghost (novice GrDe)
 11188 | D:9      | Noticed a deep elf pyromancer
 11189 | D:9      | 11189 ||| Stepping ~*~*~tactically~*~*~ (hiding).
 11190 | D:9      | 11190 ||| Stepping ~*~*~tactically~*~*~ (hiding).
 11199 | D:9      | Killed a deep elf pyromancer
 11200 | D:9      | Reached skill level 10 in Fighting
 11368 | D:9      | 11368 ||| UPGRADING to +0 buckler.
 11373 | D:9      | 11373 ||| UPGRADING to +2 cloak.
 11378 | D:9      | 11378 ||| DRINKING 2 fizzy black potions.
 11379 | D:9      | 11379 ||| READING 2 scrolls of identify.
 11379 | D:9      | 11379 ||| IDENTIFYING amethyst potion
 11398 | D:10     | Entered Level 10 of the Dungeon
 11453 | D:10     | Identified the +7 morningstar of Tun Ohuc {vamp, rC+}
 11455 | D:10     | 11455 ||| DROPPING +0 morningstar.
 11523 | D:10     | 11523 ||| Stepping ~*~*~tactically~*~*~ (hiding).
 11524 | D:10     | 11524 ||| Stepping ~*~*~tactically~*~*~ (hiding).
 11525 | D:10     | 11525 ||| Stepping ~*~*~tactically~*~*~ (hiding).
 11529 | D:10     | 11529 ||| Stepping ~*~*~tactically~*~*~ (stealth).
 11530 | D:10     | 11530 ||| Stepping ~*~*~tactically~*~*~ (stealth).
 11531 | D:10     | 11531 ||| Stepping ~*~*~tactically~*~*~ (stealth).
 11533 | D:10     | 11533 ||| INVOKING Berserk.
 11697 | D:10     | 11697 ||| INVOKING Berserk.
 11700 | D:10     | Reached skill level 3 in Shields
 11861 | D:10     | Noticed Maurice
 11890 | D:10     | Killed Maurice
 12023 | D:10     | 12023 ||| READING scroll of enchant armour.
 12023 | D:10     | 12023 ||| ENCHANTING +0 pair of boots.
 12244 | D:10     | Found a shimmering blue altar of Sif Muna.
 12292 | D:10     | Noticed Harold
 12293 | D:10     | 12293 ||| Stepping ~*~*~tactically~*~*~ (hiding).
 12294 | D:10     | 12294 ||| Stepping ~*~*~tactically~*~*~ (hiding).
 12299 | D:10     | 12299 ||| INVOKING Berserk.
 12311 | D:10     | Killed Harold
 12312 | D:10     | Reached skill level 6 in Shields
 12400 | D:10     | 12400 ||| READING scroll labelled XIEPUD DARCHI.
 12429 | D:11     | 12429 ||| INVOKING Berserk.
 12557 | D:11     | Noticed Erica
 12558 | D:11     | Noticed a two-headed ogre
 12560 | D:11     | 12560 ||| INVOKING Berserk.
 12563 | D:11     | Killed a two-headed ogre
 12564 | D:11     | Reached skill level 3 in Throwing
 12565 | D:11     | Killed Erica
 12586 | D:11     | Found a staircase to the Orcish Mines.
 12601 | D:11     | 12601 ||| INVOKING Brothers in Arms.
 12689 | D:11     | 12689 ||| FLEEEEING.
 12970 | D:11     | Identified the +2 broad axe "Eleof" {flame, Fly rN+} (Trog
                  | gifted it to you on level 11 of the Dungeon)
 12970 | D:11     | Received a gift from Trog
 13012 | D:11     | 13012 ||| SWAPPING to +2 broad axe "Eleof" {flame, Fly
                  | rN+}.
 13013 | D:11     | 13013 ||| DROPPING +7 morningstar of Tun Ohuc {vamp, rC+}.
 13014 | D:11     | 13014 ||| DROPPING +1 war axe of electrocution.
 13094 | D:11     | 13094 ||| INVOKING Berserk.
 13161 | D:11     | Found a staircase to the Lair.
 13403 | D:11     | 13403 ||| PLANNING LAIR
 13403 | D:11     | 13403 ||| UPGRADING to +0 storm dragon scales.
 13413 | D:11     | 13413 ||| DROPPING +0 plate armour.
 13414 | D:11     | 13414 ||| DROPPING orb of mayhem.
 13435 | Lair:1   | Entered Level 1 of the Lair of Beasts
 13444 | Lair:1   | Reached XP level 12. HP: 107/107 MP: 11/11
 13505 | Lair:1   | 13505 ||| Stepping ~*~*~tactically~*~*~ (stealth).
 13507 | Lair:1   | 13507 ||| Stepping ~*~*~tactically~*~*~ (stealth).
 13513 | Lair:1   | 13513 ||| Stepping ~*~*~tactically~*~*~ (stealth).
 13523 | Lair:1   | 13523 ||| INVOKING Berserk.
 13544 | Lair:1   | 13544 ||| Stepping ~*~*~tactically~*~*~ (stealth).
 13585 | Lair:1   | 13585 ||| Stepping ~*~*~tactically~*~*~ (stealth).
 13586 | Lair:1   | 13586 ||| INVOKING Berserk.
 13869 | Lair:1   | 13869 ||| INVOKING Berserk.
 14091 | Lair:1   | Found a broken altar of Ashenzari.
 14664 | Lair:1   | 14664 ||| UPGRADING to amulet of reflection.
 14705 | Lair:2   | Noticed a death yak
 14706 | Lair:2   | 14706 ||| INVOKING Brothers in Arms.
 14707 | Lair:2   | 14707 ||| INVOKING Brothers in Arms.
 14708 | Lair:2   | 14708 ||| INVOKING Berserk.
 14716 | Lair:2   | Reached skill level 18 in Axes
 14718 | Lair:2   | Killed a death yak
 14719 | Lair:2   | Reached skill level 11 in Fighting
 14859 | Lair:2   | 14859 ||| DROPPING +1 war axe of electrocution.
 15033 | Lair:2   | 15033 ||| INVOKING Berserk.
 15036 | Lair:2   | Reached skill level 12 in Fighting
 15091 | Lair:2   | 15091 ||| Stepping ~*~*~tactically~*~*~ (stealth).
 15154 | Lair:2   | Found a staircase to the Snake Pit.
 15155 | Lair:2   | 15155 ||| Stepping ~*~*~tactically~*~*~ (hiding).
 15161 | Lair:2   | 15161 ||| Stepping ~*~*~tactically~*~*~ (hiding).
 15369 | Lair:2   | Noticed a death yak
 15373 | Lair:2   | Noticed a death yak
 15375 | Lair:2   | 15375 ||| INVOKING Berserk.
 15379 | Lair:2   | Killed a death yak
 15390 | Lair:2   | Killed a death yak
 15499 | Lair:2   | Found a staircase to the Shoals.
 16088 | Lair:2   | 16088 ||| READING scroll labelled QAOTWU OFUEDY.
 16189 | Lair:2   | 16189 ||| READING 3 scrolls labelled NEAHEA GASO.
 16190 | Lair:2   | 16190 ||| DROPPING 2 scrolls of poison.
 16191 | Lair:2   | 16191 ||| READING 4 scrolls of teleportation.
 16216 | Lair:3   | Noticed a death yak
 16216 | Lair:3   | Noticed a death yak
 16216 | Lair:3   | Noticed a death yak
 16216 | Lair:3   | Noticed a death yak
 16217 | Lair:3   | 16217 ||| INVOKING Berserk.
 16221 | Lair:3   | Noticed a death yak
 16224 | Lair:3   | Killed a death yak
 16225 | Lair:3   | Reached skill level 13 in Fighting
 16225 | Lair:3   | Reached XP level 13. HP: 122/122 MP: 12/12
 16240 | Lair:3   | 16240 ||| INVOKING Brothers in Arms.
 16241 | Lair:3   | 16241 ||| INVOKING Brothers in Arms.
 16245 | Lair:3   | Reached skill level 12 in Armour
 16378 | Lair:3   | 16378 ||| INVOKING Berserk.
 16388 | Lair:3   | 16388 ||| FLEEEEING.
 16514 | Lair:3   | Reached skill level 6 in Dodging
 16517 | Lair:3   | 16517 ||| INVOKING Berserk.
 16664 | Lair:3   | Found a shimmering altar of Xom.
 16667 | Lair:3   | Identified the +0 ring mail of Whack-A-Mole {-Tele Dex+7
                  | SInv}
 16765 | Lair:3   | Reached skill level 9 in Shields
 16863 | Lair:3   | Identified the +8 shortbow "Postruh" {freeze, rF+ Stlth+}
 16875 | Lair:3   | 16875 ||| INVOKING Berserk.
 17094 | Lair:3   | 17094 ||| Stepping ~*~*~tactically~*~*~ (stealth).
 17096 | Lair:3   | 17096 ||| Stepping ~*~*~tactically~*~*~ (stealth).
 17099 | Lair:3   | 17099 ||| Stepping ~*~*~tactically~*~*~ (stealth).
 17117 | Lair:3   | 17117 ||| FLEEEEING.
 17119 | Lair:3   | 17119 ||| FLEEEEING.
 17120 | Lair:3   | 17120 ||| FLEEEEING.
 17121 | Lair:3   | 17121 ||| FLEEEEING.
 17122 | Lair:3   | 17122 ||| FLEEEEING.
 17328 | Lair:3   | 17328 ||| Stepping ~*~*~tactically~*~*~ (hiding).
 17375 | Lair:3   | 17375 ||| Stepping ~*~*~tactically~*~*~ (stealth).
 17414 | Lair:3   | Reached skill level 14 in Fighting
 17660 | Lair:4   | 17660 ||| INVOKING Berserk.
 17698 | Lair:4   | 17698 ||| STAIRDANCE
 17893 | Lair:4   | 17893 ||| INVOKING Brothers in Arms.
 17895 | Lair:4   | 17895 ||| INVOKING Berserk.
 17924 | Lair:4   | 17924 ||| INVOKING Brothers in Arms.
 17926 | Lair:4   | Reached skill level 15 in Fighting
 17946 | Lair:4   | Reached XP level 14. HP: 58/135 MP: 13/13
 18152 | Lair:4   | 18152 ||| FLEEEEING.
 18153 | Lair:4   | 18153 ||| FLEEEEING.
 18154 | Lair:4   | 18154 ||| FLEEEEING.
 18155 | Lair:4   | 18155 ||| FLEEEEING.
 18156 | Lair:4   | 18156 ||| FLEEEEING.
 18157 | Lair:4   | 18157 ||| FLEEEEING.
 18158 | Lair:4   | 18158 ||| FLEEEEING.
 18159 | Lair:4   | 18159 ||| FLEEEEING.
 18160 | Lair:4   | 18160 ||| FLEEEEING.
 18161 | Lair:4   | 18161 ||| STAIRDANCE
 18280 | Lair:4   | 18280 ||| INVOKING Berserk.
 18449 | Lair:4   | 18449 ||| INVOKING Berserk.
 19078 | Lair:4   | 19078 ||| UPGRADING to +6 ring of strength.
 19101 | Lair:5   | Entered Level 5 of the Lair of Beasts
 19148 | Lair:5   | 19148 ||| Stepping ~*~*~tactically~*~*~ (stealth).
 19152 | Lair:5   | 19152 ||| Stepping ~*~*~tactically~*~*~ (stealth).
 19255 | Lair:5   | 19255 ||| Stepping ~*~*~tactically~*~*~ (hiding).
 19305 | Lair:5   | 19305 ||| DRINKING 2 potions of cancellation.
 19309 | Lair:5   | 19309 ||| INVOKING Berserk.
 19328 | Lair:5   | 19328 ||| DRINKING 6 potions of curing.
 19328 | Lair:5   | 19328 ||| (to cure confusion)
 19335 | Lair:5   | 19335 ||| Stepping ~*~*~tactically~*~*~ (stealth).
 19360 | Lair:5   | 19360 ||| FLEEEEING.
 19361 | Lair:5   | 19361 ||| FLEEEEING.
 19362 | Lair:5   | 19362 ||| FLEEEEING.
 19444 | Lair:5   | 19444 ||| Stepping randomly (cloudy).
 19460 | Lair:5   | 19460 ||| Stepping randomly (cloudy).
 19461 | Lair:5   | 19461 ||| Stepping ~*~*~tactically~*~*~ (cloud).
 19462 | Lair:5   | 19462 ||| Stepping ~*~*~tactically~*~*~ (cloud).
 19543 | Lair:5   | 19543 ||| Stepping ~*~*~tactically~*~*~ (stealth).
 19552 | Lair:5   | 19552 ||| Stepping ~*~*~tactically~*~*~ (stealth).
 19554 | Lair:5   | 19554 ||| Stepping ~*~*~tactically~*~*~ (hiding).
 19558 | Lair:5   | 19558 ||| INVOKING Brothers in Arms.
 19559 | Lair:5   | 19559 ||| INVOKING Berserk.
 19629 | Lair:5   | 19629 ||| Stepping ~*~*~tactically~*~*~ (stealth).
 19634 | Lair:5   | 19634 ||| Stepping ~*~*~tactically~*~*~ (hiding).
 19783 | Lair:5   | Found a staircase to the Slime Pits.
 19783 | Lair:5   | Found a viscous altar of Jiyva.
 19804 | Lair:5   | 19804 ||| INVOKING Berserk.
 19807 | Lair:5   | Reached skill level 16 in Fighting
 19983 | Lair:5   | 19983 ||| Stepping ~*~*~tactically~*~*~ (stealth).
 19988 | Lair:5   | 19988 ||| Stepping ~*~*~tactically~*~*~ (stealth).
 19989 | Lair:5   | 19989 ||| Stepping ~*~*~tactically~*~*~ (stealth).
 20015 | Lair:5   | 20015 ||| Stepping ~*~*~tactically~*~*~ (stealth).
 20016 | Lair:5   | 20016 ||| INVOKING Berserk.
 20032 | Lair:5   | 20032 ||| Stepping ~*~*~tactically~*~*~ (hiding).
 20040 | Lair:5   | 20040 ||| Stepping ~*~*~tactically~*~*~ (stealth).
 20041 | Lair:5   | 20041 ||| Stepping ~*~*~tactically~*~*~ (hiding).
 20071 | Lair:5   | 20071 ||| INVOKING Brothers in Arms.
 20076 | Lair:5   | 20076 ||| INVOKING Berserk.
 20138 | Lair:5   | Identified the +7 dagger of Causality {freeze, *Rage rF+
                  | Str+7 Stlth+}
 20201 | Lair:5   | 20201 ||| Stepping ~*~*~tactically~*~*~ (hiding).
 20227 | Lair:5   | Reached skill level 15 in Armour
 20344 | Lair:5   | 20344 ||| INVOKING Berserk.
 20361 | Lair:5   | 20361 ||| INVOKING Brothers in Arms.
 20361 | Lair:5   | Paralysed by a hornet for 3 turns
 20363 | Lair:5   | HP: 34/138 [poisoned by a cane toad]
 20364 | Lair:5   | 20364 ||| READING 7 scrolls of teleportation.
 20365 | Lair:5   | 20365 ||| DRINKING 5 potions of heal wounds.
 20367 | Lair:5   | 20367 ||| INVOKING Brothers in Arms.
 20688 | Lair:5   | 20688 ||| Stepping ~*~*~tactically~*~*~ (stealth).
 20690 | Lair:5   | 20690 ||| Stepping ~*~*~tactically~*~*~ (hiding).
 20692 | Lair:5   | 20692 ||| INVOKING Berserk.
 20703 | Lair:5   | Reached skill level 17 in Fighting
 20946 | Lair:5   | 20946 ||| Stepping ~*~*~tactically~*~*~ (stealth).
 20948 | Lair:5   | 20948 ||| Stepping ~*~*~tactically~*~*~ (stealth).
 20951 | Lair:5   | 20951 ||| Stepping ~*~*~tactically~*~*~ (stealth).
 20984 | Lair:5   | 20984 ||| PLANNING D
 20984 | Lair:5   | 20984 ||| DROPPING +6 ring of intelligence.
 20985 | Lair:5   | 20985 ||| READING 7 scrolls of identify.
 20985 | Lair:5   | 20985 ||| IDENTIFYING smoky emerald potion
 20986 | Lair:5   | 20986 ||| DROPPING potion of berserk rage.
 21259 | D:12     | 21259 ||| INVOKING Berserk.
 21670 | D:12     | 21670 ||| Stepping ~*~*~tactically~*~*~ (stealth).
 21999 | D:12     | 21999 ||| INVOKING Berserk.
 22204 | D:12     | Reached XP level 15. HP: 137/147 MP: 14/14
 22208 | D:12     | 22208 ||| Stepping ~*~*~tactically~*~*~ (stealth).
 22227 | D:12     | 22227 ||| Stepping ~*~*~tactically~*~*~ (stealth).
 22230 | D:12     | 22230 ||| Stepping ~*~*~tactically~*~*~ (stealth).
 22295 | D:12     | 22295 ||| Stepping ~*~*~tactically~*~*~ (stealth).
 22363 | D:12     | 22363 ||| DROPPING amulet of the acrobat.
 22467 | D:13     | Found a gate to the Vaults.
 22467 | D:13     | Noticed Urug
 22467 | D:13     | Noticed Nessos
 22468 | D:13     | 22468 ||| INVOKING Berserk.
 22481 | D:13     | Killed Urug
 22495 | D:13     | Killed Nessos
 22496 | D:13     | Reached skill level 18 in Fighting
 22739 | D:13     | 22739 ||| Stepping ~*~*~tactically~*~*~ (hiding).
 22740 | D:13     | 22740 ||| Stepping ~*~*~tactically~*~*~ (hiding).
 23153 | D:13     | Found an opulent altar of Gozag.
 23192 | D:13     | 23192 ||| INVOKING Berserk.
 23337 | D:13     | 23337 ||| UPGRADING to +0 buckler of protection.
 23347 | D:13     | 23347 ||| DROPPING +0 buckler.
 23348 | D:13     | 23348 ||| DROPPING amulet of faith.
 23349 | D:13     | 23349 ||| UPGRADING to ring of see invisible.
 23351 | D:13     | 23351 ||| READING 10 scrolls of identify.
 23351 | D:13     | 23351 ||| IDENTIFYING ruby potion
 23369 | D:14     | 23369 ||| STAIRDANCE
 23572 | D:14     | 23572 ||| INVOKING Trog's Hand.
 23724 | D:14     | Found Zin's Purification Station.
 23726 | D:14     | Found a glowing silver altar of Zin.
 23732 | D:14     | 23732 ||| BUYING potion of curing (90 gold).
 23732 | D:14     | Bought a potion of curing for 90 gold pieces
 23858 | D:14     | 23858 ||| Stepping ~*~*~tactically~*~*~ (hiding).
 23861 | D:14     | 23861 ||| INVOKING Berserk.
 23873 | D:14     | Reached skill level 6 in Throwing
 24141 | D:14     | 24141 ||| READING scroll of acquirement.
 24141 | D:14     | 24141 ||| ACQUIRING 796 gold pieces
 24141 | D:14     | Acquired 796 gold pieces
 24201 | D:14     | 24201 ||| FLEEEEING.
 24202 | D:14     | 24202 ||| FLEEEEING.
 24203 | D:14     | 24203 ||| FLEEEEING.
 24204 | D:14     | 24204 ||| FLEEEEING.
 24205 | D:14     | 24205 ||| FLEEEEING.
 24206 | D:14     | 24206 ||| FLEEEEING.
 24207 | D:14     | 24207 ||| FLEEEEING.
 24208 | D:14     | 24208 ||| FLEEEEING.
 24209 | D:14     | 24209 ||| FLEEEEING.
 24268 | D:14     | 24268 ||| FLEEEEING.
 24269 | D:14     | 24269 ||| FLEEEEING.
 24513 | D:15     | Entered Level 15 of the Dungeon
 24531 | D:15     | 24531 ||| Stepping ~*~*~tactically~*~*~ (stealth).
 24552 | D:15     | 24552 ||| Stepping ~*~*~tactically~*~*~ (stealth).
 24600 | D:15     | 24600 ||| Stepping ~*~*~tactically~*~*~ (hiding).
 24604 | D:15     | 24604 ||| INVOKING Berserk.
 24725 | D:15     | 24725 ||| Stepping ~*~*~tactically~*~*~ (stealth).
 24727 | D:15     | 24727 ||| Stepping ~*~*~tactically~*~*~ (hiding).
 24804 | D:15     | 24804 ||| Stepping ~*~*~tactically~*~*~ (stealth).
 24807 | D:15     | 24807 ||| Stepping ~*~*~tactically~*~*~ (stealth).
 24809 | D:15     | 24809 ||| INVOKING Brothers in Arms.
 24810 | D:15     | 24810 ||| INVOKING Berserk.
 24976 | D:15     | 24976 ||| INVOKING Berserk.
 25245 | D:15     | Found a staircase to the Depths.
 25302 | D:15     | 25302 ||| Stepping ~*~*~tactically~*~*~ (hiding).
 25457 | D:15     | 25457 ||| Stepping ~*~*~tactically~*~*~ (stealth).
 25461 | D:15     | 25461 ||| Stepping ~*~*~tactically~*~*~ (hiding).
 25543 | D:15     | 25543 ||| PLANNING ORC
 25543 | D:15     | 25543 ||| UPGRADING to +0 kite shield.
 25553 | D:15     | 25553 ||| DROPPING +0 buckler of protection.
 25554 | D:15     | 25554 ||| DROPPING amulet of magic regeneration.
 25668 | Orc:1    | Entered Level 1 of the Orcish Mines
 25889 | Orc:1    | 25889 ||| Stepping ~*~*~tactically~*~*~ (stealth).
 25891 | Orc:1    | 25891 ||| Stepping ~*~*~tactically~*~*~ (hiding).
 25893 | Orc:1    | 25893 ||| Stepping ~*~*~tactically~*~*~ (stealth).
 25933 | Orc:1    | Found Oxair's General Store.
 25947 | Orc:1    | 25947 ||| BUYING +0 plate armour of fire resistance (420
                  | gold).
 25947 | Orc:1    | Bought a +0 plate armour of fire resistance for 420 gold
                  | pieces
 25947 | Orc:1    | 25947 ||| BUYING +4 ring of protection (504 gold).
 25947 | Orc:1    | Bought a +4 ring of protection for 504 gold pieces
 26023 | Orc:1    | 26023 ||| UPGRADING to +0 plate armour of fire resistance.
 26033 | Orc:1    | 26033 ||| DROPPING +0 fire dragon scales.
 26034 | Orc:1    | 26034 ||| DROPPING +6 ring of strength.
 26050 | Orc:2    | Entered Level 2 of the Orcish Mines
 26091 | Orc:2    | 26091 ||| Stepping ~*~*~tactically~*~*~ (hiding).
 26095 | Orc:2    | Identified the +0 kite shield of Repulsion {Rampage rN+
                  | Str+2 Dex-2}
 26095 | Orc:2    | Noticed Donald
 26095 | Orc:2    | 26095 ||| INVOKING Brothers in Arms.
 26097 | Orc:2    | 26097 ||| INVOKING Berserk.
 26102 | Orc:2    | Killed Donald
 26153 | Orc:2    | 26153 ||| Stepping ~*~*~tactically~*~*~ (stealth).
 26153 | Orc:2    | Found a staircase to the Elven Halls.
 26217 | Orc:2    | Found Wiamn's Assorted Antiques.
 26222 | Orc:2    | 26222 ||| SHOPLISTING gold dragon scales (2320 gold, have
                  | 2143).
 26222 | Orc:2    | 26222 ||| BUYING pair of glowing boots (217 gold).
 26222 | Orc:2    | Bought a pair of glowing boots for 217 gold pieces
 26222 | Orc:2    | 26222 ||| BUYING potion of curing (87 gold).
 26222 | Orc:2    | Bought a potion of curing for 87 gold pieces
 26222 | Orc:2    | 26222 ||| BUYING scroll of enchant weapon (217 gold).
 26222 | Orc:2    | Bought a scroll of enchant weapon for 217 gold pieces
 26238 | Orc:2    | 26238 ||| Stepping ~*~*~tactically~*~*~ (stealth).
 26240 | Orc:2    | 26240 ||| Stepping ~*~*~tactically~*~*~ (hiding).
 26248 | Orc:2    | 26248 ||| INVOKING Berserk.
 26260 | Orc:2    | Received a gift from Trog
 26320 | Orc:2    | 26320 ||| Stepping ~*~*~tactically~*~*~ (stealth).
 26322 | Orc:2    | 26322 ||| Stepping ~*~*~tactically~*~*~ (hiding).
 26538 | Orc:2    | 26538 ||| Stepping ~*~*~tactically~*~*~ (hiding).
 26547 | Orc:2    | 26547 ||| INVOKING Trog's Hand.
 26548 | Orc:2    | 26548 ||| INVOKING Berserk.
 26565 | Orc:2    | Reached skill level 12 in Shields
 26790 | Orc:2    | Found Ollo Niu's Antique Armour Shoppe.
 26790 | Orc:2    | Found Yjeemitt's Magic Scroll Boutique.
 26804 | Orc:2    | Found Otiun's Magic Scroll Shoppe.
 26804 | Orc:2    | Found Salogrih's General Store.
 26810 | Orc:2    | 26810 ||| BUYING embroidered cloak (157 gold).
 26810 | Orc:2    | Bought an embroidered cloak for 157 gold pieces
 26813 | Orc:2    | 26813 ||| BUYING scroll of enchant armour (105 gold).
 26813 | Orc:2    | Bought a scroll of enchant armour for 105 gold pieces
 26813 | Orc:2    | 26813 ||| READING scroll of enchant armour.
 26813 | Orc:2    | 26813 ||| ENCHANTING +0 plate armour of fire resistance.
 26815 | Orc:2    | 26815 ||| BUYING 3 scrolls of teleportation (135 gold).
 26815 | Orc:2    | Bought 3 scrolls of teleportation for 135 gold pieces
 26817 | Orc:2    | 26817 ||| BUYING scroll of enchant weapon (90 gold).
 26817 | Orc:2    | Bought a scroll of enchant weapon for 90 gold pieces
 26817 | Orc:2    | 26817 ||| BUYING scroll of teleportation (36 gold).
 26817 | Orc:2    | Bought a scroll of teleportation for 36 gold pieces
 26817 | Orc:2    | 26817 ||| BUYING scroll of teleportation (36 gold).
 26817 | Orc:2    | Bought a scroll of teleportation for 36 gold pieces
 26854 | Orc:2    | 26854 ||| INVOKING Brothers in Arms.
 26857 | Orc:2    | 26857 ||| INVOKING Berserk.
 27012 | Orc:2    | Noticed Josephine
 27013 | Orc:2    | 27013 ||| Stepping ~*~*~tactically~*~*~ (stealth).
 27015 | Orc:2    | 27015 ||| Stepping ~*~*~tactically~*~*~ (hiding).
 27029 | Orc:2    | Killed Josephine
 27040 | Orc:2    | Reached XP level 16. HP: 108/157 MP: 15/15
 27262 | Orc:2    | 27262 ||| Stepping ~*~*~tactically~*~*~ (stealth).
 27263 | Orc:2    | 27263 ||| Stepping ~*~*~tactically~*~*~ (stealth).
 27266 | Orc:2    | 27266 ||| INVOKING Berserk.
 27465 | Orc:2    | 27465 ||| PLANNING SNAKE:1-3
 27465 | Orc:2    | 27465 ||| UPGRADING to +0 kite shield of Repulsion {Rampage
                  | rN+ Str+2 Dex-2}.
 27475 | Orc:2    | 27475 ||| DROPPING +0 kite shield.
 27476 | Orc:2    | 27476 ||| UPGRADING to +2 pair of boots of flying.
 27486 | Orc:2    | 27486 ||| DROPPING +1 pair of boots.
 27487 | Orc:2    | 27487 ||| UPGRADING to +1 cloak of poison resistance.
 27573 | Snake:1  | Entered Level 1 of the Snake Pit
 27763 | Snake:1  | Noticed Jorgrun
 27768 | Snake:1  | 27768 ||| Stepping ~*~*~tactically~*~*~ (hiding).
 27769 | Snake:1  | 27769 ||| INVOKING Brothers in Arms.
 27770 | Snake:1  | 27770 ||| INVOKING Berserk.
 27774 | Snake:1  | Killed Jorgrun
 27994 | Snake:1  | Found a runed translucent door.
 28388 | Snake:1  | 28388 ||| Stepping ~*~*~tactically~*~*~ (hiding).
 28426 | Snake:1  | Found a runed translucent door.
 28427 | Snake:1  | Noticed qw's ghost (adept MiBe)
 28457 | Snake:1  | 28457 ||| Stepping ~*~*~tactically~*~*~ (hiding).
 28614 | Snake:1  | 28614 ||| Stepping ~*~*~tactically~*~*~ (hiding).
 28616 | Snake:1  | 28616 ||| INVOKING Berserk.
 28734 | Snake:1  | 28734 ||| Stepping ~*~*~tactically~*~*~ (hiding).
 28977 | Snake:2  | 28977 ||| STAIRDANCE
 28999 | Snake:2  | 28999 ||| STAIRDANCE
 29053 | Snake:2  | 29053 ||| STAIRDANCE
 29081 | Snake:2  | 29081 ||| INVOKING Berserk.
 29084 | Snake:2  | Reached skill level 15 in Shields
 29361 | Snake:2  | 29361 ||| Stepping ~*~*~tactically~*~*~ (hiding).
 29372 | Snake:2  | 29372 ||| Stepping ~*~*~tactically~*~*~ (hiding).
 29377 | Snake:2  | 29377 ||| Stepping ~*~*~tactically~*~*~ (hiding).
 29387 | Snake:2  | 29387 ||| Stepping ~*~*~tactically~*~*~ (hiding).
 29393 | Snake:2  | 29393 ||| INVOKING Berserk.
 29679 | Snake:2  | 29679 ||| Stepping ~*~*~tactically~*~*~ (hiding).
 29687 | Snake:2  | 29687 ||| Stepping ~*~*~tactically~*~*~ (hiding).
 29794 | Snake:2  | 29794 ||| INVOKING Berserk.
 30447 | Snake:3  | 30447 ||| INVOKING Berserk.
 30501 | Snake:3  | 30501 ||| Stepping ~*~*~tactically~*~*~ (hiding).
 31212 | Snake:3  | 31212 ||| PLANNING SHOALS:1-3
 31344 | Shoals:1 | Entered Level 1 of the Shoals
 31354 | Shoals:1 | Noticed a kraken
 31372 | Shoals:1 | Killed a kraken
 31520 | Shoals:1 | Reached skill level 9 in Throwing
 31798 | Shoals:1 | Received a gift from Trog
 31829 | Shoals:1 | 31829 ||| DROPPING +3 war axe.
 31837 | Shoals:1 | 31837 ||| INVOKING Brothers in Arms.
 31839 | Shoals:1 | 31839 ||| INVOKING Berserk.
 31965 | Shoals:1 | Found a hide-covered altar of Uskayaw.
 31997 | Shoals:1 | 31997 ||| INVOKING Berserk.
 32005 | Abyss:3  | Found a corrupted altar of Lugonu.
 32005 | Abyss:3  | Cast into level 3 of the Abyss (merfolk impaler)
 32019 | Abyss:3  | 32019 ||| INVOKING Trog's Hand.
 32026 | Abyss:3  | 32026 ||| Stepping ~*~*~tactically~*~*~ (stealth).
 32027 | Abyss:3  | 32027 ||| Stepping ~*~*~tactically~*~*~ (stealth).
 32037 | Abyss:3  | 32037 ||| INVOKING Brothers in Arms.
 32038 | Abyss:3  | 32038 ||| INVOKING Trog's Hand.
 32052 | Abyss:3  | 32052 ||| Stepping ~*~*~tactically~*~*~ (stealth).
 32055 | Abyss:3  | 32055 ||| Stepping ~*~*~tactically~*~*~ (stealth).
 32062 | Abyss:3  | 32062 ||| INVOKING Trog's Hand.
 32097 | Abyss:3  | 32097 ||| INVOKING Trog's Hand.
 32109 | Abyss:3  | 32109 ||| Stepping ~*~*~tactically~*~*~ (stealth).
 32110 | Abyss:3  | 32110 ||| Stepping ~*~*~tactically~*~*~ (stealth).
 32117 | Abyss:3  | 32117 ||| Stepping ~*~*~tactically~*~*~ (stealth).
 32139 | Abyss:3  | 32139 ||| Stepping ~*~*~tactically~*~*~ (hiding).
 32141 | Abyss:3  | 32141 ||| Stepping ~*~*~tactically~*~*~ (hiding).
 32152 | Abyss:3  | Noticed a bone dragon
 32178 | Abyss:3  | Killed a bone dragon
 32186 | Abyss:3  | 32186 ||| Stepping ~*~*~tactically~*~*~ (stealth).
 32195 | Abyss:3  | 32195 ||| INVOKING Trog's Hand.
 32204 | Abyss:3  | 32204 ||| INVOKING Trog's Hand.
 32223 | Abyss:3  | 32223 ||| Stepping ~*~*~tactically~*~*~ (stealth).
 32228 | Abyss:3  | 32228 ||| Stepping ~*~*~tactically~*~*~ (stealth).
 32231 | Abyss:3  | 32231 ||| Stepping ~*~*~tactically~*~*~ (stealth).
 32232 | Abyss:3  | 32232 ||| Stepping ~*~*~tactically~*~*~ (stealth).
 32257 | Abyss:3  | 32257 ||| Stepping ~*~*~tactically~*~*~ (stealth).
 32262 | Abyss:3  | 32262 ||| Stepping ~*~*~tactically~*~*~ (stealth).
 32263 | Abyss:3  | 32263 ||| Stepping ~*~*~tactically~*~*~ (stealth).
 32267 | Abyss:3  | 32267 ||| Stepping ~*~*~tactically~*~*~ (stealth).
 32271 | Abyss:3  | 32271 ||| Stepping ~*~*~tactically~*~*~ (stealth).
 32272 | Abyss:3  | 32272 ||| Stepping ~*~*~tactically~*~*~ (hiding).
 32274 | Abyss:3  | 32274 ||| Stepping ~*~*~tactically~*~*~ (stealth).
 32290 | Abyss:3  | 32290 ||| Stepping ~*~*~tactically~*~*~ (stealth).
 32304 | Abyss:3  | 32304 ||| Stepping ~*~*~tactically~*~*~ (stealth).
 32307 | Abyss:3  | 32307 ||| Stepping ~*~*~tactically~*~*~ (hiding).
 32309 | Abyss:3  | 32309 ||| DRINKING 14 potions of curing.
 32309 | Abyss:3  | 32309 ||| (to cure confusion)
 32322 | Abyss:3  | 32322 ||| Stepping ~*~*~tactically~*~*~ (stealth).
 32338 | Abyss:3  | 32338 ||| Stepping ~*~*~tactically~*~*~ (stealth).
 32341 | Abyss:3  | 32341 ||| Stepping ~*~*~tactically~*~*~ (stealth).
 32372 | Abyss:3  | 32372 ||| Stepping ~*~*~tactically~*~*~ (stealth).
 32384 | Abyss:3  | Noticed a tentacled starspawn
 32391 | Abyss:3  | Killed a tentacled starspawn
 32418 | Shoals:1 | Escaped the Abyss
 32419 | Shoals:1 | 32419 ||| INVOKING Berserk.
 32572 | Shoals:1 | Reached skill level 19 in Fighting
 32629 | Shoals:1 | Reached XP level 17. HP: 147/168 MP: 16/16
 32638 | Shoals:1 | 32638 ||| INVOKING Berserk.
 32803 | Shoals:1 | 32803 ||| INVOKING Berserk.
 33258 | Shoals:1 | 33258 ||| DROPPING +4 ring of evasion.
 33287 | Shoals:2 | 33287 ||| STAIRDANCE
 33316 | Shoals:2 | 33316 ||| STAIRDANCE
 33350 | Shoals:2 | 33350 ||| STAIRDANCE
 33383 | Shoals:2 | 33383 ||| INVOKING Berserk.
 33451 | Shoals:2 | 33451 ||| Stepping ~*~*~tactically~*~*~ (stealth).
 33488 | Shoals:2 | 33488 ||| INVOKING Berserk.
 33500 | Shoals:2 | 33500 ||| FLEEEEING.
 33588 | Shoals:2 | Noticed Ilsuiw
 33622 | Shoals:2 | 33622 ||| INVOKING Berserk.
 33630 | Shoals:2 | Killed Ilsuiw
 33639 | Shoals:2 | HP: 37/168 [merfolk/boomerang[a merfolk javelineer] (10)]
 33640 | Shoals:2 | 33640 ||| READING 14 scrolls of teleportation.
 33641 | Shoals:2 | 33641 ||| DRINKING 8 potions of heal wounds.
 33642 | Shoals:2 | 33642 ||| INVOKING Trog's Hand.
 33716 | Shoals:2 | 33716 ||| INVOKING Berserk.
 33839 | Shoals:2 | 33839 ||| FLEEEEING.
 33841 | Shoals:2 | 33841 ||| STAIRDANCE
 33977 | Shoals:2 | Reached skill level 18 in Armour
 34084 | Shoals:2 | 34084 ||| INVOKING Berserk.
 34306 | Shoals:2 | 34306 ||| Stepping ~*~*~tactically~*~*~ (stealth).
 34309 | Shoals:2 | 34309 ||| Stepping ~*~*~tactically~*~*~ (stealth).
 34311 | Shoals:2 | 34311 ||| Stepping ~*~*~tactically~*~*~ (stealth).
 34312 | Shoals:2 | 34312 ||| Stepping ~*~*~tactically~*~*~ (stealth).
 34314 | Shoals:2 | 34314 ||| Stepping ~*~*~tactically~*~*~ (hiding).
 34318 | Shoals:2 | 34318 ||| Stepping ~*~*~tactically~*~*~ (hiding).
 34329 | Shoals:2 | 34329 ||| INVOKING Berserk.
 34903 | Shoals:3 | 34903 ||| INVOKING Berserk.
 35098 | Shoals:3 | 35098 ||| Stepping ~*~*~tactically~*~*~ (hiding).
 35101 | Shoals:3 | 35101 ||| INVOKING Berserk.
 35141 | Shoals:3 | 35141 ||| Stepping ~*~*~tactically~*~*~ (stealth).
 35155 | Shoals:3 | 35155 ||| Stepping ~*~*~tactically~*~*~ (hiding).
 35157 | Shoals:3 | 35157 ||| Stepping ~*~*~tactically~*~*~ (hiding).
 35158 | Shoals:3 | 35158 ||| Stepping ~*~*~tactically~*~*~ (hiding).
 35270 | Shoals:3 | 35270 ||| Stepping ~*~*~tactically~*~*~ (hiding).
 35283 | Shoals:3 | Reached skill level 20 in Fighting
 35321 | Shoals:3 | 35321 ||| INVOKING Berserk.
 35352 | Shoals:3 | Noticed a kraken
 35360 | Shoals:3 | Killed a kraken
 35591 | Shoals:3 | Reached skill level 9 in Dodging
 35643 | Shoals:3 | 35643 ||| Stepping ~*~*~tactically~*~*~ (hiding).
 35644 | Shoals:3 | 35644 ||| Stepping ~*~*~tactically~*~*~ (hiding).
 35751 | Shoals:3 | 35751 ||| INVOKING Trog's Hand.
 35753 | Shoals:3 | 35753 ||| INVOKING Brothers in Arms.
 35756 | Shoals:3 | 35756 ||| INVOKING Berserk.
 35855 | Shoals:3 | Found Fyicempy's Distillery.
 35871 | Shoals:3 | 35871 ||| BUYING potion of heal wounds (60 gold).
 35871 | Shoals:3 | Bought a potion of heal wounds for 60 gold pieces
 35871 | Shoals:3 | 35871 ||| BUYING potion of heal wounds (60 gold).
 35871 | Shoals:3 | Bought a potion of heal wounds for 60 gold pieces
 35871 | Shoals:3 | 35871 ||| BUYING potion of heal wounds (60 gold).
 35871 | Shoals:3 | Bought a potion of heal wounds for 60 gold pieces
 35871 | Shoals:3 | 35871 ||| BUYING potion of mutation (96 gold).
 35871 | Shoals:3 | Bought a potion of mutation for 96 gold pieces
 35871 | Shoals:3 | 35871 ||| BUYING potion of mutation (96 gold).
 35871 | Shoals:3 | Bought a potion of mutation for 96 gold pieces
 35987 | Shoals:3 | Found Wopuanir's General Store.
 35995 | Shoals:3 | 35995 ||| BUYING potion of curing (51 gold).
 35995 | Shoals:3 | Bought a potion of curing for 51 gold pieces
 35995 | Shoals:3 | 35995 ||| BUYING potion of might (68 gold).
 35995 | Shoals:3 | Bought a potion of might for 68 gold pieces
 36068 | Shoals:3 | 36068 ||| INVOKING Brothers in Arms.
 36402 | Shoals:3 | 36402 ||| PLANNING SNAKE:4
 36570 | Snake:4  | Entered Level 4 of the Snake Pit
 36574 | Snake:4  | 36574 ||| INVOKING Berserk.
 36802 | Snake:4  | 36802 ||| INVOKING Berserk.
 36929 | Snake:4  | 36929 ||| Stepping ~*~*~tactically~*~*~ (hiding).
 36931 | Snake:4  | 36931 ||| Stepping ~*~*~tactically~*~*~ (hiding).
 36933 | Snake:4  | 36933 ||| Stepping ~*~*~tactically~*~*~ (hiding).
 37128 | Snake:4  | 37128 ||| FLEEEEING.
 37129 | Snake:4  | 37129 ||| FLEEEEING.
 37130 | Snake:4  | 37130 ||| FLEEEEING.
 37131 | Snake:4  | 37131 ||| FLEEEEING.
 37132 | Snake:4  | 37132 ||| FLEEEEING.
 37134 | Snake:4  | 37134 ||| STAIRDANCE
 37320 | Snake:4  | 37320 ||| Stepping ~*~*~tactically~*~*~ (hiding).
 37367 | Snake:4  | Noticed Vashnia
 37368 | Snake:4  | 37368 ||| Stepping ~*~*~tactically~*~*~ (hiding).
 37374 | Snake:4  | 37374 ||| Stepping ~*~*~tactically~*~*~ (hiding).
 37383 | Snake:4  | 37383 ||| INVOKING Berserk.
 37397 | Snake:4  | Killed Vashnia
 37521 | Snake:4  | 37521 ||| INVOKING Berserk.
 37543 | Snake:4  | 37543 ||| INVOKING Brothers in Arms.
 37554 | Snake:4  | 37554 ||| INVOKING Brothers in Arms.
 37569 | Snake:4  | HP: 35/170 [naga ritualist/splash of poison (10)]
 37570 | Snake:4  | 37570 ||| READING 14 scrolls of teleportation.
 37570 | Snake:4  | HP: 15/170 [naga ritualist/Olgreb's Toxic Radiance (4)]
 37570 | Snake:4  | HP: 4/170 [asphyx]
 37570 | Snake:4  | Killed from afar by a naga warrior

Levels and vault maps discovered:
D:1:      minmay_arrival_four_houses, layout_basic
D:2:      layout_basic, serial_shops, shop, uniq_crazy_yiuf_cottage
D:3:      gammafunk_steamed_eel, layout_rooms, nicolae_overflows_in_rows,
          hellmonk_ecumenical_altar_arch_garden, portal_sewer_entry_d,
          kennysheep_donut
D:4:      layout_loops_ring, minmay_temple_entry_tees, uniq_ijyb, uniq_grinder,
          uniq_natasha
D:5:      layout_loops_cross, serial_shops, shop, uniq_duvessa
D:6:      layout_rooms, nicolae_hepliaklqana_monster_ancestors, serial_shops,
          shop
D:7:      layout_rooms, gammafunk_ghost_hive
D:8:      cheibrodos_helix_gallery, layout_loops_corners,
          nicolae_uskayaw_dance_hall, enter_bailey_8, uniq_psyche, uniq_maggie
D:9:      layout_cave_pools, gammafunk_ghost_grave
D:10:     layout_gridville, overflow_temple_1_default, uniq_maurice, uniq_harold
D:11:     layout_roguey, due_lair_maze_entry_diamond, zombieorc2_lemuel,
          uniq_erica
D:12:     layout_basic, minmay_fractal_squares_gapless_5
D:13:     layout_roguey, david_vaults_3, grunt_gozag_breadcrumbs
D:14:     layout_grid_maze, minmay_hedge_maze, zin_purify, uniq_nessos
D:15:     grunt_enter_depths_hoard, layout_rooms, minivault_14
Lair:1:   layout_cave_shapes, lemuel_centaur_altar, serial_bayou_shore_b,
          grunt_megastairs_2
Lair:2:   layout_small_grid, minmay_shoals_entry_lonely_mermaid,
          minmay_snake_entry_guardpost_small, nicolae_quartered_pool_impasse,
          infiniplex_staircase_pool_2
Lair:3:   layout_small_grid, basic_altar, infiniplex_staircase_pool,
          serial_bayou_shore_a, grunt_megastairs_4, lemuel_fruit_fields
Lair:4:   layout_small_grid, nicolae_lair_grazing_beasts
          [nicolae_sub_lair_graze_edge, nicolae_sub_lair_graze_edge,
          nicolae_sub_lair_graze_edge, nicolae_sub_lair_graze_edge]
Lair:5:   guppyfry_lair_end_dragon, layout_concentric_octagons,
          hangedman_lair_caniforms_friends, slime_entry_1,
          nicolae_lair_lakeside_cave
Shoals:1: layout_shoals, lemuel_altar_in_water
Shoals:2: layout_shoals, uniq_ilsuiw
Shoals:3: layout_shoals, serial_shops, nicolae_shop_hallway_stairs, shop
Snake:1:  layout_cave_shapes, ebering_ghost_reflecting_pool, lightli_airlock,
          uniq_jorgrun
Snake:2:  layout_rooms, nicolae_snake_shapes
Snake:3:  layout_gridlike, serial_bayou_lagoon_b
Snake:4:  minmay_snake_end_coiled, layout_onion_interference, uniq_vashnia
Orc:1:    layout_caves, serial_shops, shop
Orc:2:    grunt_orc_tribal_feast, layout_diamond_mine, serial_shops,
          nicolae_shop_hallway_plus, nicolae_orc_pool_cavern, uniq_donald,
          uniq_josephine

Skill      XL: |  1  2  3  4  5  6  7  8  9 10 11 12 13 14 15 16 17 |
---------------+----------------------------------------------------+-----
Axes           | 4 5 7 9 10 12 14 16 18 | 18.0
Fighting       | 4 5 7 8 9 10 13 15 17 18 19 20 | 20.0
Armour         | 4 7 9 10 11 13 15 16 17 19 | 19.0
Dodging        | 3 4 5 6 8 9 |  9.0
Throwing       | 1 3 4 8 9 |  9.6
Shields        | 7 8 9 10 12 16 17 | 17.4

Action                   |  1- 3 |  4- 6 |  7- 9 | 10-12 | 13-15 | 16-18 || total
-------------------------+-------+-------+-------+-------+-------+-------++-------
Melee: Hand axe          |    76 |   154 |   107 |       |       |       ||   337
       Headbutt          |     8 |    22 |    45 |   106 |   181 |   217 ||   579
       Punch             |       |     2 |     2 |     3 |       |       ||     7
       War axe           |       |       |   197 |   337 |       |       ||   534
       Broad axe         |       |       |       |   204 |   849 |   932 ||  1985
Throw: Boomerang         |       |       |       |    62 |    84 |     4 ||   150
       Javelin           |       |       |       |       |    30 |    33 ||    63
Invok: Berserk           |     2 |       |    11 |    18 |    26 |    26 ||    83
       Trog's Hand       |       |       |     1 |       |     2 |     8 ||    11
       Brothers in Arms  |       |       |       |     2 |     9 |     6 ||    17
  Use: Scroll            |     1 |     9 |    11 |    10 |     5 |     2 ||    38
       Potion            |       |     1 |     3 |     2 |     3 |     2 ||    11
 Stab: Distracted        |       |       |       |     1 |     3 |     1 ||     5
Armor: Animal skin       |    13 |     2 |       |       |       |       ||    15
       Scale mail        |       |    33 |    24 |       |       |       ||    57
       Chain mail        |       |       |    67 |       |       |       ||    67
       Plate armour      |       |       |    38 |   257 |    29 |   328 ||   652
       Storm dragon scal |       |       |       |    81 |   301 |       ||   382
Dodge: Dodged            |    54 |    52 |    95 |   174 |   228 |   185 ||   788
Block: Buckler           |       |       |       |    93 |   305 |       ||   398
       Reflection        |       |       |       |     2 |    27 |    66 ||    95
       Kite shield       |       |       |       |       |    71 |   632 ||   703

Table legend:
 A = Non-vault XP
 B = Vault XP
 C = Vault XP percentage of total XP
 D = Non-vault monster count
 E = Vault monster count
 F = Vault count percentage of total count
                 A         B        C        D         E       F
            +---------+---------+-------+---------+---------+-------
      Total |  197555 |   86686 |  30.5 |     718 |     303 |  29.7
            +---------+---------+-------+---------+---------+-------
        D:1 |      32 |       0 |   0.0 |      18 |       0 |   0.0
        D:2 |      91 |       0 |   0.0 |      25 |       0 |   0.0
        D:3 |      69 |      13 |  15.9 |      17 |       1 |   5.6
        D:4 |     354 |     360 |  50.4 |      24 |       3 |  11.1
        D:5 |    1848 |     214 |  10.4 |      12 |       2 |  14.3
        D:6 |    2241 |       4 |   0.2 |      40 |       2 |   4.8
        D:7 |     819 |       0 |   0.0 |      14 |       0 |   0.0
        D:8 |    1699 |    1843 |  52.0 |      24 |       4 |  14.3
        D:9 |    1853 |       0 |   0.0 |      19 |       0 |   0.0
       D:10 |    2048 |    1310 |  39.0 |      17 |       2 |  10.5
       D:11 |    2273 |    3648 |  61.6 |      18 |      48 |  72.7
       D:12 |    5019 |    3419 |  40.5 |      16 |       5 |  23.8
       D:13 |    6557 |    6387 |  49.3 |      21 |      20 |  48.8
       D:14 |    6941 |       0 |   0.0 |      12 |       0 |   0.0
       D:15 |   14299 |    1839 |  11.4 |      30 |       2 |   6.2
     Lair:1 |    2246 |    2134 |  48.7 |      12 |      10 |  45.5
     Lair:2 |   10162 |    1103 |   9.8 |      39 |       5 |  11.4
     Lair:3 |   14719 |     643 |   4.2 |      45 |       2 |   4.3
     Lair:4 |    6262 |    9676 |  60.7 |      26 |      12 |  31.6
     Lair:5 |    6065 |   21082 |  77.7 |      21 |      91 |  81.2
   Shoals:1 |   12716 |       0 |   0.0 |      24 |       0 |   0.0
   Shoals:2 |   16770 |    4521 |  21.2 |      39 |       6 |  13.3
   Shoals:3 |   20985 |       0 |   0.0 |      46 |       0 |   0.0
    Snake:1 |   14417 |    1959 |  12.0 |      28 |       1 |   3.4
    Snake:2 |    8417 |    3780 |  31.0 |      20 |       8 |  28.6
    Snake:3 |   10760 |       0 |   0.0 |      20 |       0 |   0.0
    Snake:4 |    9918 |   11401 |  53.5 |      25 |      16 |  39.0
      Orc:1 |     679 |       0 |   0.0 |      12 |       0 |   0.0
      Orc:2 |    3368 |   10443 |  75.6 |      22 |      35 |  61.4
    Abyss:3 |   13928 |       0 |   0.0 |      32 |       0 |   0.0
      Sewer |       0 |     907 | 100.0 |       0 |      28 | 100.0
            +---------+---------+-------+---------+---------+-------
